 Dungeon Crawl Stone Soup version 0.29-a0-317-gd16b76e6b1 (webtiles) character file.

Game seed: 14554016124082564548

11 Morbidden the Digger (level 2, -3/24 HPs)
             Began as a Troll Earth Elementalist on Mar 31, 2022.
             Slain by Sigmund
             ... wielding a +1 scythe of protection
              (12 damage)
             ... on level 2 of the Dungeon.
             The game lasted 00:00:35 (422 turns).

Morbidden the Digger (Troll Earth Elementalist)      Turns: 422, Time: 00:00:35

Health: -3/24      AC:  4    Str: 15    XL:     2   Next: 17%
Magic:  1/2        EV:  9    Int: 11    God:
Gold:   5          SH:  0    Dex: 10    Spells: 2/3 levels left

rFire   . . .      SeeInvis .   (no weapon)
rCold   . . .      Faith    .   (no shield)
rNeg    . . .      Spirit   .   b - +0 robe
rPois   .          Reflect  .   (helmet restricted)
rElec   .          Harm     .   (no cloak)
rCorr   .          Rampage  .   (gloves unavailable)
Will    .....                   (boots unavailable)
Stlth   +.........              (no amulet)
HPRegen 0.88/turn               (no ring)
MPRegen 0.08/turn               (no ring)

@: no status effects
A: large, unfitting armour, claws 3, regeneration 1, shaggy fur 1, tough skin 1
a: no special abilities


You were on level 2 of the Dungeon.
You visited 1 branch of the dungeon, and saw 2 of its levels.

You collected 5 gold pieces.

Inventory:

Missiles
 a - 48 stones
Armour
 b - a +0 robe (worn)
Scrolls
 d - a scroll of enchant weapon {unknown}
 f - a scroll of identify {unknown}
Potions
 e - a potion of lignification {unknown}
 g - a potion of ambrosia {unknown}
 h - a potion of heal wounds {unknown}
 i - a potion of haste {unknown}


   Skills:
 * Level 0.1 Fighting
 * Level 1.7 Dodging
 + Level 1.0 Stealth
 * Level 0.4 Unarmed Combat
 * Level 1.3 Spellcasting
 * Level 0.7 Transmutations
 * Level 3.0 Earth Magic


You had 2 spell levels left.
You knew the following spells:

 Your Spells              Type           Power      Damage    Failure   Level
a - Sandblast             Erth           14%        2d6       9%          1

Your spell library contained the following spells:

 Spells                   Type           Power      Damage    Failure   Level
 Passwall                 Tmut/Erth      3%         N/A       22%         2
 Stone Arrow              Conj/Erth      8%         3d7       45%         3
 Petrify                  Tmut/Erth      4%         N/A       82%         4


Dungeon Overview and Level Annotations

Branches:
Dungeon (2/15)

Altars:

Annotations:
D:2 Sigmund


Innate Abilities, Weirdness & Mutations

You are too large for most types of armour.
You have claws for hands.
Your natural rate of healing is unusually fast.
You are covered in fur. (AC +1)
You have tough skin. (AC +1)


Message History

i - a murky blue potion No target in view!
Sigmund the Dreaded comes into view.
He is wielding a +1 scythe of protection and carrying a wand of flame (20).
Sigmund shouts!
Sigmund points at you and mumbles some strange words.
You resist with significant effort.
Sigmund is nearby!
Sigmund is nearby!
Sigmund hits you with a +1 scythe of protection!
Unknown command.
Casting: Sandblast (safe; 9% risk of failure)
Confirm with . or Enter, or press ? or * to list all spells.
Aiming: Sandblast (safe; 9% risk of failure)
Press: ? - help, Shift-Dir - straight line, f - Sigmund
Aim: Sigmund, wielding a +1 scythe of protection, wearing a +0 robe and carrying a wand of flame (20) (75% to hit)
The blast of sand hits Sigmund but does no damage.
Unknown command.
Casting: Sandblast (safe; 9% risk of failure)
Confirm with . or Enter, or press ? or * to list all spells.
Aiming: Sandblast (safe; 9% risk of failure)
Press: ? - help, Shift-Dir - straight line, f/p - Sigmund
Aim: Sigmund, wielding a +1 scythe of protection, wearing a +0 robe and carrying a wand of flame (20) (75% to hit)
The blast of sand hits Sigmund but does no damage.
Sigmund zaps a wand.
The puff of flame hits you!
Unknown command.
Casting: Sandblast (safe; 9% risk of failure)
Confirm with . or Enter, or press ? or * to list all spells.
You don't have enough magic to cast this spell.
Unknown command.
Unknown command.
Magic courses through your body.
Sigmund hits you with a +1 scythe of protection.
Unknown command.
Aiming: Sandblast (safe; 9% risk of failure)
Press: ? - help, Q - select action, (/) - cycle Shift-Dir - straight line, f/p - Sigmund
Aim: Sigmund, wielding a +1 scythe of protection, wearing a +0 robe and carrying a wand of flame (19) (75% to hit)
The blast of sand hits Sigmund but does no damage.
Sigmund hits you with a +1 scythe of protection!
Ouch! That really hurt!
You die...

#.# ... #.# ## #.# #
.. #.# .# #
#.##.##.# ...
#.......#
.....####..######...
......@@..#.........
.....###.###.####...
... #.## ##.#
########.###.##
#.......#.#.##
#.#####.##.##
#######.#####.##.#
........##.......#
..####..##.##.####


You could see Sigmund.

Vanquished Creatures
  2 ball pythons
  2 endoplasms (D:1)
  A giant cockroach (D:1)
  A goblin (D:1)
  A hobgoblin (D:1)
  A quokka (D:1)
  A kobold (D:1)
  A rat (D:1)
10 creatures vanquished.

Notes
Turn   | Place    | Note
-------+----------+-------------------------------------------
     0 | D:1      | Morbidden the Troll Earth Elementalist began the quest for
                  | the Orb.
     0 | D:1      | Reached XP level 1. HP: 16/16 MP: 1/1
   127 | D:1      | Reached skill level 3 in Earth Magic
   127 | D:1      | Reached XP level 2. HP: 24/24 MP: 2/2
   192 | D:1      | Found a faded altar of an unknown god.
   415 | D:2      | Noticed Sigmund
   422 | D:2      | Slain by Sigmund

Illustrated notes

Levels and vault maps discovered:
D:1:      lightli_arrival_quake, layout_rooms, ebering_ecumenical_altar_webs
D:2:      layout_loops_cross, serial_shops, nicolae_shop_waterfront,
          nicolae_figureground_pulse, uniq_crazy_yiuf_cottage, uniq_sigmund

Skill      XL: |  1 |
---------------+----+-----
Earth Magic    | 3 |  3.0
Fighting       | |  0.1
Dodging        | |  1.7
Stealth        | |  1.0
Unarmed Combat | |  0.4
Spellcasting   | |  1.3
Transmutations | |  0.7

Action                   || total
-------------------------++-------
Melee: Unarmed           ||    29
 Cast: Sandblast         ||     3
  Use: Potion            ||     1
 Stab: Sleeping          ||     1
Armor: Robe              ||    12
Dodge: Dodged            ||     8

Table legend: (Time is in decaauts)
 A = Elapsed time spent in this place.
 B = Non-inter-level travel time spent in this place.
 C = Inter-level travel time spent in this place.
 D = Time resting spent in this place.
 E = Time spent auto-exploring this place.
 F = Levels seen in this place.
 G = Mean time per level.
                   A        B        C        D        E       F      G
               +--------+--------+--------+--------+--------+-----+--------+
         Total |    421 |    385 |     36 |      0 |    303 |   2 |  210.5 |
       Dungeon |    421 |    385 |     36 |      0 |    303 |   2 |  210.5 |
               +--------+--------+--------+--------+--------+-----+--------+

Top non-repeatable levels by time:
     D:1: 382 daAuts
     D:2: 38 daAuts
